 Dungeon Sprint DCSS version 0.23-a0-890-gc183402 (webtiles) character file.

Game seed: 4273113972961033973

59 galech the Skirmisher (level 3, -2/32 HPs)
             Began as a Demonspawn Fighter on Jan 28, 2019.
             Slain by a gnoll
             ... wielding a +0 spear
              (6 damage)
             ... in the Dungeon (Sprint IX: "|||||||||||||||||||||||||||||").
             The game lasted 00:00:13 (62 turns).

galech the Skirmisher (Demonspawn Fighter)            Turns: 62, Time: 00:00:13

Health: -2/32      AC:  7    Str: 21    XL:     3   Next: 78%
Magic:  3/3        EV:  7    Int:  9    God:
Gold:   0          SH: 10    Dex: 13    Spells: 2/2 levels left

rFire    . . .     SeeInvis .   a - +0 war axe
rCold    . . .     Gourm    .   c - +0 shield
rNeg     . . .     Faith    .   b - +0 scale mail
rPois    .         Spirit   .   (no helmet)
rElec    .         Reflect  .   (no cloak)
rCorr    .         Harm     .   (no gloves)
MR       .....     NoTele   +   (no boots)
Stlth    ..........             (no amulet)
HPRegen  0.10/turn              (no ring)
MPRegen  0.08/turn              (no ring)

@: mighty
A: hooves 1, spiny 1
a: no special abilities


You were in the Dungeon.
You were not hungry.

You visited 1 branch

Inventory:

Hand Weapons
 a - a +0 war axe (weapon)
Armour
 b - a +0 scale mail (worn)
 c - a +0 shield (worn)
Scrolls
 k - a scroll of blinking
Potions
 e - a potion of curing
 g - a potion of heal wounds
 h - a potion of haste
 i - 2 potions of magic
 j - a potion of berserk rage
Comestibles
 f - a ration
 l - 2 chunks of flesh


   Skills:
 + Level 4.8 Fighting
 + Level 3.4 Axes
 + Level 4.2 Armour
 + Level 4.5 Shields


You had 2 spell levels left.
You didn't know any spells.
Your spell library was empty.

Dungeon Overview and Level Annotations

Branches:
Dungeon (1/1)

Altars:


Innate Abilities, Weirdness & Mutations

You have large cloven feet.
You are partially covered in sharp spines.


Message History

Your Fighting skill increases to level 4!
Your Axes skill increases to level 3!
Your Armour skill increases to level 4!
Your Shields skill increases to level 4!
You have reached level 3!
Your experience leads to an increase in your attributes!
Your base attributes are Str 16, Int 9, Dex 12.
Increase (S)trength, (I)ntelligence, or (D)exterity?
You feel agile.
Your demonic ancestry asserts itself...
Sharp spines emerge from parts of your body.
You miss something. Your kick misses something.
Something hits you but does no damage. You block the gnoll's attack.
Something hits you. Something shocks you.
The gnoll hits you from afar with a +0 spear!
* * * LOW HITPOINT WARNING * * *
You miss something. Something hits you but does no damage.
You block the gnoll's attack.
Your shield and scale mail prevent you from hitting something.
Something hits you but does no damage.
The gnoll hits you from afar with a +0 spear.
You die...

▓.▓
▓.▓
▓.▓
▓(▓
▓÷▓
▓)▓
▓.▓
▓.▓
▓@▓
▓†▓
▓g▓
▓.▓
▓.▓
▓.▓
▓.▓
▓+▓


You could see a gnoll.

Vanquished Creatures
  A scorpion (D)
  2 leopard geckos (D)
  An orc (D)
  A hobgoblin (D)
  2 kobolds (D)
  A rat (D)
8 creatures vanquished.

Notes
Turn   | Place    | Note
-------+----------+-------------------------------------------
     0 | D        | galech the Demonspawn Fighter began the quest for the Orb.
     0 | D        | Reached XP level 1. HP: 18/18 MP: 1/1
    49 | D        | Noticed a scorpion
    49 | D        | Noticed a sky beast
    54 | D        | Gained mutation: You have large cloven feet. [demonic
                  | ancestry]
    54 | D        | Reached XP level 2. HP: 20/25 MP: 2/2
    59 | D        | Killed a scorpion
    59 | D        | Gained mutation: You are partially covered in sharp spines.
                  | [demonic ancestry]
    59 | D        | Reached XP level 3. HP: 16/32 MP: 3/3
    62 | D        | Slain by a gnoll

Vault maps used:
D:        linesprint

Skill      XL: |  1  2 |
---------------+-------+-----
Armour         | 3 4 |  4.2
Shields        | 3 4 |  4.5
Axes           | 2 3 |  3.4
Fighting       | 4 |  4.8

Action                   || total
-------------------------++-------
Melee: War axe           ||    21
       Kick              ||     1
  Use: Potion            ||     1
Armor: Scale mail        ||     5
Dodge: Dodged            ||     4
Block: Shield            ||    13

Table legend:
 A = Non-vault XP
 B = Vault XP
 C = Vault XP percentage of total XP
 D = Non-vault monster count
 E = Vault monster count
 F = Vault count percentage of total count
                 A         B        C        D         E       F
            +---------+---------+-------+---------+---------+-------
      Total |       0 |      85 | 100.0 |       0 |       8 | 100.0
            +---------+---------+-------+---------+---------+-------
          D |       0 |      85 | 100.0 |       0 |       8 | 100.0
            +---------+---------+-------+---------+---------+-------
